 Dungeon Crawl Stone Soup version 0.31-a0-162-gc4c5a43528 (webtiles) character file.

Game seed: 17741051410765331638

48 Essalna the Firebug (level 3, -1/20 HPs)
             Began as a Tengu Fire Elementalist on June 13, 2023.
             Slain by a worm (11 damage)
             ... on level 2 of the Dungeon.
             The game lasted 00:02:28 (1351 turns).

Essalna the Firebug (Tengu Fire Elementalist)       Turns: 1351, Time: 00:02:29

Health: -1/20      AC:  2    Str:  8    XL:     3   Next: 72%
Magic:  1/7        EV: 12    Int: 17    God:
Gold:   80         SH:  0    Dex: 14    Spells: 5/6 levels left

rFire   . . .        e - +0 dagger (venom)
rCold   . . .        (no shield)
rNeg    . . .        a - +0 robe
rPois   .            (helmet restricted)
rElec   .            (no cloak)
rCorr   .            (no gloves)
SInv    .            (boots unavailable)
Will    .....        (no amulet)
Stlth   ++           (no ring)
HPRegen 0.23/turn    (no ring)
MPRegen 0.10/turn

%: no passive effects
@: no status effects
A: beak, talons 3
a: no special abilities


You were on level 2 of the Dungeon.
You visited 1 branch of the dungeon, and saw 2 of its levels.

You collected 80 gold pieces.

Inventory:

Hand Weapons
 e - a +0 dagger of venom (weapon)
Armour
 a - a +0 robe (worn)
Potions
 b - a potion of magic
 d - 3 potions of lignification
 f - a potion of heal wounds


   Skills:
 + Level 0.8 Fighting
 + Level 0.8 Armour
 + Level 2.7 Dodging
 - Level 2.2 Stealth
 - Level 2.1 Spellcasting
 + Level 2.3 Conjurations
 + Level 3.6 Fire Magic


You had 5 spell levels left.
You knew the following spells:

 Your Spells              Type           Power      Damage    Failure   Level
a - Foxfire               Conj/Fire      48%        2x1d6     5%          1

Your spell library contained the following spells:

 Spells                   Type           Power      Damage    Failure   Level
 Scorch                   Fire           28%        2d6       6%          2
 Inner Flame              Hex/Fire       8%         N/A       26%         3
 Volatile Blastmotes      Fire/Tloc      16%        2d11      26%         3
 Flame Wave               Conj/Fire      12%        2d6       50%         4


Dungeon Overview and Level Annotations

Branches:
Dungeon (2/15)

Altars:

Shops:
D:2 ?


Innate Abilities, Weirdness & Mutations

You have a beak for a mouth.
You have claws for feet.


Message History

You kill the endoplasm!
A worm comes into view.
A worm is nearby!
A worm is nearby!
You conjure some foxfire!
You conjure some foxfire!
The foxfire hits the worm but does no damage.
The foxfire hits the worm.
The worm is lightly wounded.
You conjure some foxfire!
The foxfire hits the worm.
The worm is moderately wounded.
You conjure some foxfire!
The foxfire hits the worm.
The worm is heavily wounded.
The foxfire hits the worm.
The worm is heavily wounded.
You are out of magic!
You are out of magic!
The foxfire hits the worm.
The worm is severely wounded.
The worm bites you.
You see here a bat corpse.
You barely miss the worm. You claw the worm.
The worm is almost dead.
The worm bites you!
You are too injured to fight recklessly!
You are too injured to fight recklessly!
Hit: e) +0 dagger (venom)
Press: ? - help, Dir - move target, f - worm
Aim: a worm (severely wounded, about 20% to evade your +0 dagger of venom)
You barely miss the worm. Your kick misses the worm.
The worm is severely wounded.
Your foxfire dissipates!
Hit: e) +0 dagger (venom)
Press: ? - help, Dir - move target, f/p - worm
Aim: a worm (severely wounded, about 20% to evade your +0 dagger of venom)
You hit the worm but do no damage.
The worm is poisoned.
The worm is severely wounded.
The worm bites you!
Ouch! That really hurt!
You die...

#.#### #.. #.#..
...# #.#.# #..#
#.#.# ..#
###########...# $.#
..............# #..
#############.####)#
#...††# ###.@.#
#.#w..# ##########
#.##..# .........#
#.# #... ########.#
#.# #..# #.# #)#
#... #.# ..# ### #.#
.## #.##


You could see a worm (very poisoned).

Vanquished Creatures
  2 worms (D:2)
  A dart slug (D:1)
  2 bats (D:2)
  3 endoplasms
  2 giant cockroaches (D:1)
  4 goblins
  A hobgoblin (D:2)
  3 jackals (D:2)
  3 kobolds
  7 ball pythons
  4 frilled lizards
  4 rats
36 creatures vanquished.

Vanquished Creatures (others)
  79 foxfires
79 creatures vanquished.

Grand Total: 115 creatures vanquished

Notes
Turn   | Place    | Note
-------+----------+-------------------------------------------
     0 | D:1      | Essalna the Tengu Fire Elementalist began the quest for the
                  | Orb.
     0 | D:1      | Reached XP level 1. HP: 10/10 MP: 4/4
   237 | D:1      | Reached XP level 2. HP: 14/15 MP: 0/6
   864 | D:2      | Reached XP level 3. HP: 19/19 MP: 3/7
   920 | D:2      | Found Gofruablia's Magic Scroll Emporium.
  1351 | D:2      | Slain by a worm

Illustrated notes

Levels and vault maps discovered:
D:1:      spicycebolla_arrival_ecumenical, layout_loops_ring
D:2:      layout_loops_ring, serial_shops, shop_fountains, minmay_vboxes

Skill      XL: |  1  2 |
---------------+-------+-----
Conjurations   | 2 |  2.3
Fighting       | |  0.8
Armour         | |  0.8
Dodging        | |  2.7
Stealth        | |  2.2
Spellcasting   | |  2.1
Fire Magic     | |  3.6

Action                     || total
---------------------------++-------
  Melee: Kick              ||    15
         Unarmed           ||     2
         Dagger            ||    39
         Peck              ||     7
   Cast: Foxfire           ||    50
    Use: Scroll            ||     4
   Stab: Sleeping          ||     1
 Armour: Robe              ||     5
  Dodge: Dodged            ||    32

Table legend: (Time is in decaauts)
 A = Elapsed time spent in this place.
 B = Non-inter-level travel time spent in this place.
 C = Inter-level travel time spent in this place.
 D = Time resting spent in this place.
 E = Time spent auto-exploring this place.
 F = Levels seen in this place.
 G = Mean time per level.
                   A        B        C        D        E       F      G
               +--------+--------+--------+--------+--------+-----+--------+
         Total |   1350 |   1343 |      7 |      0 |   1093 |   2 |  675.0 |
       Dungeon |   1350 |   1343 |      7 |      0 |   1093 |   2 |  675.0 |
               +--------+--------+--------+--------+--------+-----+--------+

Top non-repeatable levels by time:
     D:1: 858 daAuts
     D:2: 491 daAuts
